Map: Moonlight Madness LE (Void)

Players

Bakemonoda - Winner!

  • Race: Terran Terran
  • League: Master

Cute

  • Race: Protoss Protoss
  • League: Platinum

VOD

https://www.youtube.com/watch?v=iqv_ZU6-_RQ&feature=youtu.be

Description

LOTV TVP standard

Time

  • Played on: Sept. 30, 2015, 4:02 a.m.
  • Length: 18:57
Show
View Real Time Build Order
Export as new Build Order

Bakemonoda Terran - Winner!

Build Orders:  

Get SALT Encoding   

  12  0:01  SCV  
  13  0:13  SCV  
  14  0:17  Supply Depot  
  14  0:25  SCV  
  15  0:33  Refinery  
  15  0:41  Barracks  
  15  0:45  SCV  
  16  0:52  Refinery  
  16  0:57  SCV  
  17  1:09  SCV  
  18  1:21  SCV  
  19  1:30  Factory  
  19  1:38  Reaper  
  20  1:42  Orbital Command  
  20  1:56  Supply Depot  
  21  2:08  SCV  
  21  2:11  Supply Depot  
  21  2:19  Barracks Tech Lab  
  21  2:21  Bunker  
  21  2:24  Factory Reactor  
  21  2:25  SCV  
  22  2:37  SCV  
  23  2:44  Starport  
  22  3:02  Widow Mine x2  
  26  3:05  SCV  
  26  3:09  Command Center  
  27  3:13  Marauder  
  29  3:21  SCV  
  29  3:23  Medivac  
  32  3:28  Supply Depot  
  32  3:36  Widow Mine x2  
  38  3:43  SCV  
  37  3:49  Armory  
  37  3:55  SCV  
  38  4:01  Marauder  
  40  4:04  Viking  
  40  4:07  SCV  
  43  4:18  Hellion  
  43  4:19  Hellion  
  43  4:21  SCV  
  43  4:23  Orbital Command  
  48  4:31  Supply Depot  
  48  4:38  Marauder  
  50  4:50  Hellion x2, Medivac  
  50  4:52  SCV x2  
  58  5:04  SCV x2  
  58  5:13  Hellion x2, Marauder  
  59  5:28  Orbital Command  
  58  5:30  Medivac  
  62  5:35  Hellion  
  62  5:36  Hellion, Marauder  
  40  6:15  Hellion  
  40  6:16  Hellion  
  40  6:17  Medivac, Marauder  
  48  6:20  SCV  
  48  6:21  SCV  
  50  6:33  SCV x2  
  52  6:43  Hellion  
  52  6:45  SCV x2  
  58  6:54  Hellion  
  56  7:07  Hellion  
  58  7:12  SCV  
  58  7:13  SCV  
  60  7:22  Hellion  
  62  7:25  SCV x2  
  62  7:26  Command Center  
  66  7:30  Hellion, Marauder  
  66  7:37  SCV x2  
  70  7:51  SCV x2  
  70  8:07  Engineering Bay  
  70  8:09  Engineering Bay, Barracks  
  70  8:10  Barracks  
  70  8:24  SCV  
  70  8:26  Hellion  
  70  8:28  SCV  
  70  8:32  Marauder  
  70  8:33  Hellion  
  69  8:34  Medivac  
  69  8:40  SCV  
  63  8:42  Orbital Command  
  63  8:43  SCV  
  60  8:52  SCV  
  60  8:55  SCV  
  60  8:56  Stimpack  
  58  9:04  SCV  
  58  9:07  SCV  
  58  9:08  Hellion x2  
  62  9:11  SCV  
  62  9:16  SCV  
  64  9:19  SCV  
  64  9:23  SCV  
  62  9:26  Medivac, Marauder  
  62  9:28  SCV  
  67  9:31  SCV  
  67  9:34  Terran Infantry Weapons Level 1  
  67  9:35  Terran Infantry Armor Level 1, SCV  
  69  9:51  Marauder, Marine x2  
  69  9:52  Hellion x2  
  77  9:53  SCV x3  
  80  10:00  Starport Tech Lab  
  80  10:05  SCV x2  
  82  10:17  Marine  
  82  10:18  Marauder, Marine  
  84  10:30  Hellion  
  84  10:32  Hellion  
  84  10:35  Marine  
  79  10:42  Liberator  
  66  10:56  Marauder, Marine x2  
  72  10:57  Hellion x2  
  72  11:01  Orbital Command  
  75  11:13  Marine  
  75  11:14  Marine  
  75  11:17  Combat Shields, Marine  
  76  11:21  Refinery x2  
  76  11:26  SCV x2  
  76  11:32  Hellion x2  
  83  11:34  Command Center, SCV  
  83  11:38  SCV  
  84  11:40  SCV, Barracks Reactor  
  84  11:44  Supply Depot x2  
  84  11:46  Supply Depot  
  85  11:52  Liberator  
  85  12:05  SCV  
  85  12:06  Supply Depot, Marauder  
  85  12:07  Supply Depot  
  88  12:09  Supply Depot, Hellion x2  
  88  12:14  Terran Infantry Weapons Level 2  
  95  12:15  Barracks Reactor  
  95  12:17  Unknown  
  95  12:20  SCV x3  
  98  12:27  Terran Infantry Armor Level 2  
  98  12:32  SCV x2  
  98  12:33  SCV  
  101  12:40  Marine  
  101  12:41  Marine, Marauder  
  105  12:44  SCV  
  105  12:45  Liberator  
  93  12:58  Marine  
  93  13:00  Marine x3  
  93  13:02  Hellion x2  
  97  13:16  Marine  
  97  13:18  Marine x3  
  95  13:26  Orbital Command  
  94  13:29  Hellion x2  
  94  13:34  Marine  
  84  13:35  SCV  
  84  13:36  Marine x2  
  83  13:41  Marine  
  71  13:59  Marine x3  
  73  14:09  SCV x2  
  75  14:20  Marine x2  
  71  14:36  Marine x2  
  71  14:38  Marine  
  73  14:39  SCV  
  73  14:42  Orbital Command  
  75  14:59  Marine x2  
  70  15:10  Marine x2  
  67  15:17  Marine x2  
  67  15:20  Liberator  
  58  15:31  Marine x2  
  58  15:35  Hellion x2  
  61  15:39  SCV x3  
  64  15:51  SCV  
  64  16:00  SCV  
  64  16:01  SCV  
  64  16:02  Marine x2  
  64  16:03  SCV  
  61  16:11  Marine  
  61  16:12  SCV, Marine  
  61  16:13  Hellion  
  61  16:17  SCV  
  62  16:29  Marine x2  
  62  16:30  Hellion  
  62  16:34  Hellion  
  59  16:56  Marine x3  
  59  16:57  Marine  
  62  17:20  Liberator  
  62  17:27  Orbital Command  
  62  17:32  SCV x3  
  62  17:34  Marine  
  62  17:35  Marine x3  
  62  17:36  Hellion x2  
  62  18:03  Marine x3  
  62  18:05  Hellion x2  
  62  18:19  Marine  
  62  18:23  Refinery  
  62  18:24  Refinery  
  62  18:28  SCV x4  
  62  18:36  Marine x3  
  62  18:37  Marine  
  62  18:40  SCV x3  
  62  18:45  Command Center  
Show
View Real Time Build Order
Export as new Build Order

Cute Protoss 

Build Orders:  

Get SALT Encoding   

  12  0:04  Probe (Chrono Boost)  
  13  0:14  Probe (Chrono Boost)  
  13  0:20  Pylon  
  14  0:23  Probe (Chrono Boost)  
  15  0:37  Probe (Chrono Boost)  
  15  0:41  Gateway  
  16  0:47  Probe (Chrono Boost)  
  17  0:53  Assimilator  
  17  0:57  Probe (Chrono Boost), Assimilator  
  18  1:07  Probe (Chrono Boost)  
  19  1:12  Pylon  
  19  1:17  Gateway  
  19  1:19  Probe (Chrono Boost)  
  20  1:33  Cybernetics Core  
  20  1:34  Probe (Chrono Boost)  
  21  1:44  Probe (Chrono Boost)  
  22  1:54  Probe (Chrono Boost)  
  23  2:08  Mothership Core (Chrono Boost)  
  23  2:10  Warp Gate  
  23  2:11  Adept x2  
  29  2:26  Probe (Chrono Boost)  
  30  2:55  Nexus  
  30  2:56  Probe (Chrono Boost)  
  31  3:02  Pylon  
  31  3:11  Robotics Facility  
  31  3:20  Probe (Chrono Boost)  
  32  3:27  Adept x2  
  32  3:30  Probe (Chrono Boost)  
  37  3:40  Probe (Chrono Boost)  
  38  3:44  Twilight Council  
  38  3:51  Gateway  
  39  4:01  Pylon  
  38  4:05  Probe  
  38  4:06  Warp Prism (Chrono Boost)  
  38  4:07  Probe  
  42  4:15  Probe  
  42  4:22  Probe  
  44  4:25  Probe  
  45  4:34  Probe  
  45  4:35  Probe  
  46  4:41  Observer  
  47  4:46  Probe x2  
  45  4:53  Shield Upgrade (Chrono Boost)  
  45  4:54  Pylon  
  45  4:58  Probe  
  46  5:02  Probe  
  47  5:10  Probe  
  47  5:13  Forge  
  48  5:16  Probe, Adept x3  
  54  5:22  Probe  
  51  5:45  Probe x2 (Chrono Boost)  
  48  5:55  Probe (Chrono Boost)  
  48  5:56  Probe (Chrono Boost)  
  46  6:03  Warp Prism (Chrono Boost)  
  42  6:04  Probe (Chrono Boost)  
  42  6:06  Probe  
  44  6:14  Probe  
  45  6:18  Probe  
  45  6:20  Charge  
  45  6:23  Probe  
  45  6:25  Assimilator  
  46  6:26  Protoss Ground Armor Level 1 (Chrono Boost), Assimilator  
  46  6:31  Probe  
  48  6:33  Probe  
  48  6:35  Forge  
  48  6:37  Nexus  
  48  6:39  Pylon  
  49  6:40  Pylon  
  48  6:52  Adept  
  48  6:53  Adept x2  
  50  7:02  Probe  
  50  7:04  Probe  
  52  7:11  Probe  
  53  7:16  Probe  
  53  7:18  Immortal (Chrono Boost)  
  53  7:21  Probe  
  58  7:24  Adept  
  58  7:28  Probe, Adept  
  64  7:31  Probe  
  65  7:40  Probe  
  66  7:46  Probe  
  66  7:47  Zealot x2  
  71  7:54  Probe  
  71  7:55  Probe  
  71  7:56  Probe  
  72  8:00  Photon Cannon  
  72  8:04  Probe  
  73  8:08  Probe  
  73  8:10  Probe  
  67  8:13  Pylon  
  67  8:18  Probe, Adept x3  
  62  8:28  Probe  
  57  8:51  Stalker x2  
  57  8:54  Probe  
  57  8:55  Probe  
  58  9:05  Probe  
  58  9:06  Probe  
  58  9:11  Pylon  
  58  9:18  Probe  
  58  9:20  Probe  
  60  9:28  Probe  
  59  9:32  Probe  
  59  9:38  Probe  
  60  9:39  Templar Archives  
  60  9:40  Sentry x3  
  67  9:46  Probe  
  67  9:49  Probe  
  69  9:58  Probe  
  69  10:01  Probe  
  69  10:07  Adept  
  72  10:09  Adept  
  72  10:10  Probe  
  72  10:12  Adept  
  74  10:43  Adept x3  
  80  10:50  Psionic Storm  
  80  10:52  Probe  
  80  10:54  Probe  
  82  10:58  Assimilator x2  
  82  11:06  Probe  
  82  11:08  Nexus  
  81  11:15  Protoss Ground Weapons Level 1 (Chrono Boost)  
  81  11:17  High Templar x2  
  85  11:18  Protoss Ground Armor Level 2 (Chrono Boost)  
  85  11:24  Probe  
  86  11:29  Gateway x2  
  86  11:34  Pylon  
  86  11:36  Pylon  
  86  11:43  Pylon  
  86  11:52  Probe x2  
  88  11:57  High Templar x3  
  94  12:04  Probe x2  
  96  12:10  Gateway, Warp Prism (Chrono Boost)  
  96  12:12  Gateway  
  96  12:13  Pylon  
  98  12:16  Probe  
  98  12:18  Probe  
  98  12:20  Pylon  
  100  12:28  Probe  
  101  12:30  Probe  
  101  12:31  Adept x2  
  86  12:57  Adept  
  86  12:58  Adept x4  
  88  12:59  Probe  
  74  13:23  High Templar x4  
  74  13:24  High Templar x3  
  86  13:31  Probe  
  86  13:32  Archon x2  
  71  13:42  Archon  
  71  13:43  Probe  
  64  13:55  Probe  
  63  14:06  Adept x4  
  63  14:07  Probe  
  66  14:20  Probe  
  60  14:41  Stalker x4  
  60  14:44  Probe  
  50  15:11  Probe  
  24  16:20  Zealot  
  24  16:21  Zealot x3  
  32  16:32  Probe  
  33  16:44  Probe  
  32  16:50  Zealot  
Tags
 
Add a new tag
Caveats
  • Supply blocks, unpowered buildings, or Contaminate may cause inaccurate times.
  • Supply counts are checked every 10 seconds.